 Dungeon Crawl Stone Soup version 0.27.1-34-g3ba077fa99 (webtiles) character file.

Game seed: 8841240273601425702

6531 melkoren the Spear-Bearer (level 9, -4/68 HPs)
             Began as an Octopode Fighter on Jan 16, 2022.
             Was a Believer of Ru.
             Killed from afar by an acid dragon (15 damage)
             ... with a splash of acid
             ... on level 10 of the Dungeon on Jan 17, 2022.
             The game lasted 00:57:41 (10465 turns).

melkoren the Spear-Bearer (Octopode Fighter)       Turns: 10465, Time: 00:57:41

Health: -4/68      AC:  1    Str: 17    XL:     9   Next: 1%
Magic:  9/9        EV: 15    Int: 23    God:    Ru [**....]
Gold:   495        SH: 11    Dex: 13    Spells: 3/8 levels left

rFire    . . .     SeeInvis .   q - +8 trident of Anger {vorpal, rElec}
rCold    . . .     Faith    .   r - +2 buckler
rNeg     . . .     Spirit   .   (helmet restricted)
rPois    .         Reflect  .   (no amulet)
rElec    +         Harm     .   I - +6 ring of intelligence
rCorr    .         Rampage  .   i - +6 ring of intelligence
Will     .....                  Z - ring of wizardry
Stlth    ..........             (no ring)
HPRegen  1.21/turn              (no ring)
MPRegen  0.11/turn              (no ring)
                                (no ring)
                                (no ring)

@: about to teleport
A: almost no armour, amphibious, 8 rings, camouflage 1, gelatinous body 1, no
stealth, inexperienced 1, (nimble swimmer 1), tentacles, large bone plates 1,
regeneration 1, subdued magic 1
a: Renounce Religion


You were on level 10 of the Dungeon.
You worshipped Ru.
Ru was pleased with you.
You visited 2 branches of the dungeon, and saw 11 of its levels.
You also visited: Sewer.

You collected 495 gold pieces.


Innate Abilities, Weirdness & Mutations

You cannot wear most types of armour.
You are amphibious.
You can wear up to eight rings at the same time.
Your skin changes colour to match your surroundings (Stealth+).
Your rubbery body absorbs attacks. (AC +1, EV +1)
You cannot be stealthy.
You are somewhat inexperienced. (-2 XL)
((You are camouflaged near water. (Stealth+)))
You have tentacles for arms and can constrict up to eight enemies at once.
You are partially covered in large bone plates. (SH +4)
Your natural rate of healing is unusually fast.
Your spells are a little easier to cast, but a little less powerful.


   Skills:
 + Level 9.0 Fighting
 * Level 9.4 Polearms
 + Level 5.2 Dodging
 + Level 6.0 Shields
 - Level 8.1 Necromancy


You had 3 spell levels left.
You knew the following spells:

 Your Spells              Type           Power      Damage    Failure   Level
a - Animate Skeleton      Necr           56%        N/A       1%          1
f - Frozen Ramparts       Ice            0%         1d2       16%         3
p - Pain                  Necr           100%       1d9       1%          1

Your spell library contained the following spells:

 Spells                   Type           Power      Damage    Failure   Level
 Corpse Rot               Necr/Air       N/A        N/A       1%          2
 Vampiric Draining        Necr           14%        2d8       1%          3
 Apportation              Tloc           0%         N/A       5%          1
 Poisonous Vapours        Pois/Air       0%         N/A       9%          2
 Call Canine Familiar     Summ           0%         N/A       16%         3
 Portal Projectile        Hex/Tloc       0%         N/A       16%         3
 Animate Dead             Necr           14%        N/A       1%          4
 Borgnjor's Vile Clutch   Necr/Erth      7%         N/A       28%         5
 Death Channel            Necr           14%        N/A       30%         6
 Airstrike                Air            0%         N/A       45%         4
 Ice Form                 Ice/Tmut       0%         N/A       45%         4
 Leda's Liquefaction      Hex/Erth       0%         N/A       45%         4
 Summon Ice Beast         Ice/Summ       0%         N/A       45%         4
 Summon Lightning Spire   Summ/Air       0%         N/A       45%         4
 Alistair's Intoxication  Tmut/Pois      0%         N/A       82%         5
 Fireball                 Conj/Fire      0%         3d3       82%         5
 Freezing Cloud           Conj/Ice/Air   0%         6-21      82%         5
 Lightning Bolt           Conj/Air       0%         1d11      82%         5
 Invisibility             Hex            0%         N/A       100%        6
 Starburst                Conj/Fire      0%         6d3       100%        6
 Ignition                 Fire           0%         3d3       100%        8

Inventory:

Hand Weapons
 a - a +0 trident
 q - the +8 trident of Anger (weapon) {vorpal, rElec}
   (You found it on level 4 of the Dungeon)

   It inflicts extra damage upon your enemies.
   rElec:     It insulates you from electricity.
Missiles
 d - 181 stones
 e - 5 curare-tipped darts (quivered) {=f}
 f - 65 poisoned darts
 h - 118 sling bullets
 m - 27 bolts
 n - 212 arrows
 o - 7 boomerangs
Armour
 b - a +1 kite shield
 r - a +2 buckler (worn)
   (You found it on level 1 of the Dungeon)
Jewellery
 i - a +6 ring of intelligence (right tentacle)
   (You found it on level 6 of the Dungeon)
 I - a +6 ring of intelligence (left tentacle)
   (You found it on level 2 of the Dungeon)
 Z - a ring of wizardry (on tentacle)
   (You found it on level 9 of the Dungeon)
Wands
 c - a wand of flame (38)
   (You took it off Maggie on level 7 of the Dungeon)
 t - a wand of iceblast (12)
   (You found it on level 8 of the Dungeon)
 A - a wand of paralysis (8)
   (You found it on level 7 of the Dungeon)
 B - a wand of acid (10)
   (You found it on level 8 of the Dungeon)
 F - a wand of mindburst (16)
   (You found it on level 10 of the Dungeon)
Scrolls
 k - a scroll of fog
 u - a scroll of torment {!r}
 w - 2 scrolls of brand weapon
 y - a scroll of identify {@r1}
 z - 2 scrolls of magic mapping {!r}
 E - a scroll of vulnerability {!r!r}
Potions
 l - 3 potions of lignification {!q}
 p - a potion of magic
 s - 3 potions of degeneration {!q}
 v - 5 potions of brilliance
 x - a potion of curing {@q1}
 D - 3 potions of ambrosia

Dungeon Overview and Level Annotations

Branches:
Dungeon (10/15)            Temple (1/1) D:4             Orc (0/2) D:10
  Sewer (visited)
   Lair: D:8-11

Altars:
Ashenzari
Cheibriados
Dithmenos
Elyvilon
Fedhas
Gozag
Hepliaklqana
Kikubaaqudgha
Makhleb
Nemelex Xobeh
Okawaru
Qazlal
Ru
Sif Muna
Trog
Uskayaw
Vehumet
Wu Jian
Xom
Yredelemnul
Zin
The Shining One

Shops:
D:4 :

Annotations:
D:3 1 runed translucent door, mrw3rdna's ghost, amateur DsFE
D:10 Urug

.8....y##....#..#.# #.#......# ##
....####o.#<.#..#.###.#......# #.
.......[#.####........#......# #.
.yy.....#......#..#####......###.
.#o#.####.######.># #>.........
#.# # #.# #### #......###.
#.#.####.# #......# #.
.#(....##.######## ######## #.
#o#............@# #####.
#.#####.......Do# ...... ...
.........# .##### ..# ......).#
..o# ######### ...# ...#


You could see an acid dragon (catching breath) and an orc.


Message History

2 killer bees, 3 orcs, an orc warrior and Urug come into view.
Urug is wielding a +1 long sword of venom and wearing a +0 scale mail of willpower.
Found four items.
Found a staircase to the Orcish Mines.
The orc shouts!
The orc warrior shouts!
The killer bee buzzes angrily. x2 😱 HP[+1]
As you read the scroll of fear, it crumbles to dust.
You assume a fearsome visage.
The orc looks frightened! x3
The orc warrior looks frightened!
Urug looks frightened!
The killer bee looks frightened! x3 😱 HP[+1]
Okay, then.
The orc begs, "Why can't we all just get along?"
Cornered, the killer bee turns to fight! 😱 HP[+2]
You regained 2 hp, and now have 15/68 hp. 😱 HP[+1] 😱 HP[+1] 😨 HP[+1] 😨 HP[+1] 😨 HP[+2]
You regained 2 hp, and now have 21/68 hp. 😨 HP[+1]
As you read the scroll of teleportation {@r4}, it crumbles to dust.
You feel strangely unstable. You block the killer bee's attack.
A killer bee comes into view. 😨 HP[+1] 😨 HP[+1]
The killer bee stings you.
* * * LOW HITPOINT WARNING * * *
😨 HP[-4]
You take 4 damage, and now have 20/68 hp.
The killer bee buzzes angrily. 😨 HP[+2]
You regained 2 hp, and now have 22/68 hp.
Your surroundings suddenly seem different.
The killer bee is stunned by your conviction and fails to attack.
The killer bee stings you.
* * * LOW HITPOINT WARNING * * *
You are poisoned.
The killer bee poisons you!
You focus your inner power and illuminate the killer bee in retribution! 😨 HP[-3]
You take 3 damage, and now have 19/68 hp.
As you read the scroll of fear, it crumbles to dust.
You assume a fearsome visage.
The orc looks frightened!
The orc warrior looks frightened!
The killer bee looks frightened!
The killer bee buzzes angrily.
The killer bee looks frightened! x2
You feel very sick. 😱 HP[-2]
You take 2 damage, and now have 17/68 hp.
As you read the scroll of teleportation {@r4}, it crumbles to dust.
You feel strangely unstable.
You feel sick.
You feel sick.
You see here a wand of polymorph (7).
You feel sick.
Reach: q) +8 trident of Anger {vorpal, rElec}
Press: ? - help, Dir - move target, f - you
Okay, then.
You feel sick.
Your surroundings suddenly seem different.
You feel sick.
The killer bee buzzes angrily.
As you read the scroll of teleportation {@r4}, it crumbles to dust.
You feel strangely unstable.
You feel sick.
Urug throws a javelin.
The javelin barely misses you. The killer bee stings you!
* * * LOW HITPOINT WARNING * * *
😱 HP[-9]
You take 9 damage, and now have 8/68 hp.
You feel sick.
You are no longer poisoned.
You block the killer bee's attack.
Unknown command. 😱 HP[+1] 😱 HP[+1] 😱 HP[+1] Unknown command.
Your surroundings suddenly seem different.
An acid dragon comes into view.
The acid dragon roars!
The acid dragon bites you.
* * * LOW HITPOINT WARNING * * *
You block the acid dragon's attack. 😱 HP[-2]
You take 2 damage, and now have 9/68 hp.
Okay, then.
As you read the scroll of teleportation {@r4}, it crumbles to dust.
You feel strangely unstable.
The orc seems to regain its courage.
The acid dragon begins to attack, but is stunned by your conviction! 😱 HP[+1]
You closely miss the orc. You grab the orc.
You squeeze the orc, but do no damage. You constrict the orc.
You block the orc's attack. The acid dragon spits acid at you.
The splash of acid hits you!
You die...

Skill      XL: |  1  2  3  4  5  6  7  8  9 10 |
---------------+-------------------------------+-----
Shields        | 4 5 6 |  6.0
Polearms       | 3 4 5 6 7 9 |  9.4
Dodging        | 4 5 |  5.2
Fighting       | 4 5 9 7 8 |  9.0
Necromancy     | 4 7 8 |  8.1

Action                   |  1- 3 |  4- 6 |  7- 9 | 10-12 || total
-------------------------+-------+-------+-------+-------++-------
Melee: Trident           |    72 |   153 |   181 |   108 ||   514
       Tentacles         |    11 |    28 |    23 |    15 ||    77
       Constrict         |    15 |    26 |    17 |    10 ||    68
Throw: Stone             |     2 |    28 |    29 |     3 ||    62
       Dart              |       |       |     4 |     2 ||     6
 Cast: Pain              |       |       |     2 |       ||     2
       Animate Skeleton  |       |       |       |     1 ||     1
Invok: Sacrifice Stealth |       |       |     1 |       ||     1
       Sacrifice Experie |       |       |     1 |       ||     1
  Use: Scroll            |       |    11 |    18 |     1 ||    30
       Potion            |       |     3 |     5 |       ||     8
 Stab: Sleeping          |       |    11 |     1 |       ||    12
       Distracted        |       |     1 |       |       ||     1
Armor: Skin              |     6 |     3 |     7 |     4 ||    20
Dodge: Dodged            |    36 |    38 |    84 |    52 ||   210
Block: Kite shield       |    36 |    35 |       |       ||    71
       Buckler           |       |     1 |    75 |    43 ||   119

Levels and vault maps discovered:
D:1:      dpeg_arrival_erosion, layout_basic, minmay_misc_feat_tiny,
          minmay_tetromino_l4
D:2:      layout_loops_ring, basic_altar, hellmonk_ecumenical_altar_lost_god
D:3:      minmay_evil_eye, layout_basic, nicolae_uskayaw_dance_hall,
          vehumet_crystals, ebering_ghost_inner_flame, minmay_misc_feat_doors
D:4:      layout_cave_pools, nemelex_xobeh_ov_fountains_minmay, temple_hall,
          cheibrodos_sewer_entry_drain, nicolae_shop_self_help
D:5:      layout_gridville, fedhas_ov_isle_minmay, lemuel_round_altar,
          uniq_menkaure
D:6:      layout_loops_ring, ebering_ghost_xom
D:7:      layout_cave_pools, general_overflow_altar, mainiacjoe_overflow_swirl,
          corexii_item_surrounded_by_moat, uniq_maggie
D:8:      minmay_razor_zed, layout_rooms, nicolae_wu_jian_immortal_techniques,
          kennysheep_mini
D:9:      layout_basic, nicolae_dithmenos_the_darkroom,
          mainiacjoe_overflow_brackets, hangedman_decor_push
D:10:     layout_basic, david_orc_2, gammafunk_ghost_hydra_chop, uniq_urug
Temple:   zaba_magenta_temple

Notes
Turn   | Place    | Note
-------+----------+-------------------------------------------
     0 | D:1      | melkoren the Octopode Fighter began the quest for the Orb.
     0 | D:1      | Reached XP level 1. HP: 16/16 MP: 1/1
     0 | D:1      | magus.rc [v1.11.3]
   276 | D:1      | Reached XP level 2. HP: 19/21 MP: 2/2
  1009 | D:1      | Reached XP level 3. HP: 24/26 MP: 3/3
  1167 | D:1      | HP: 6/26 [frilled lizard (2)]
  1422 | D:1      | You pick up a book of Unlife and begin reading...
  1422 | D:1      | You add the spells Animate Dead, Borgnjor's Vile Clutch and
                  | Death Channel to your library.
  1869 | D:2      | Reached XP level 4. HP: 31/31 MP: 4/4
  1942 | D:2      | Reached skill level 4 in Shields
  1956 | D:2      | Found a faded altar of an unknown god.
  2251 | D:2      | Found a shimmering altar of Xom.
  2656 | D:3      | Reached skill level 3 in Polearms
  2656 | D:3      | Reached XP level 5. HP: 32/36 MP: 5/5
  2685 | D:3      | Found a hide-covered altar of Uskayaw.
  2775 | D:3      | You pick up a book of Party Tricks and begin reading...
  2775 | D:3      | You add the spells Apportation, Alistair's Intoxication and
                  | Invisibility to your library.
  2789 | D:3      | You pick up a book of Necromancy and begin reading...
  2789 | D:3      | You add the spells Pain, Animate Skeleton and Vampiric
                  | Draining to your library.
  2792 | D:3      | Found a radiant altar of Vehumet.
  3424 | D:3      | Reached skill level 4 in Dodging
  3715 | D:3      | Found a runed translucent door.
  3716 | D:3      | Noticed an ogre
  3716 | D:3      | Noticed mrw3rdna's ghost (amateur DsFE)
  3792 | D:4      | Reached XP level 6. HP: 42/42 MP: 6/6
  3847 | D:4      | Found a glowing drain.
  3863 | Sewer    | Entered a sewer
  4187 | Sewer    | Reached skill level 5 in Shields
  4493 | D:4      | Found Veboh's Self-Improvement Boutique.
  4580 | D:4      | Identified the +8 trident of Anger {vorpal, rElec}
  4773 | D:4      | Found a staircase to the Ecumenical Temple.
  4903 | D:5      | Entered Level 5 of the Dungeon
  4907 | D:4      | Found a sparkling altar of Nemelex Xobeh.
  5140 | Temple   | Entered the Ecumenical Temple
  5285 | Temple   | Became a worshipper of Ru the Awakened
  5370 | D:5      | Found a shimmering blue altar of Sif Muna.
  5408 | D:4      | Reached skill level 4 in Fighting
  5572 | D:5      | Reached skill level 4 in Polearms
  5581 | D:5      | Noticed Menkaure
  5588 | D:5      | Killed Menkaure
  5589 | D:5      | Reached XP level 7. HP: 49/49 MP: 7/7
  5654 | D:5      | You pick up a book of Rime and begin reading...
  5654 | D:5      | You add the spells Frozen Ramparts, Ice Form and Summon Ice
                  | Beast to your library.
  5657 | D:5      | Learned a level 1 spell: Animate Skeleton
  5659 | D:5      | Learned a level 1 spell: Apportation
  5661 | D:5      | Learned a level 1 spell: Pain
  5665 | D:5      | Learned a level 3 spell: Frozen Ramparts
  5668 | D:5      | Found a blossoming altar of Fedhas.
  5770 | D:5      | Reached skill level 5 in Fighting
  5989 | D:5      | Reached skill level 5 in Polearms
  6205 | D:6      | Noticed a steam dragon
  6210 | D:6      | Killed a steam dragon
  6211 | D:6      | Reached XP level 8. HP: 25/56 MP: 8/8
  6552 | D:6      | magus.rc [v1.11.3]
  6793 | D:6      | You pick up a book of the Hunter and begin reading...
  6793 | D:6      | You add the spells Call Canine Familiar, Portal Projectile
                  | and Leda's Liquefaction to your library.
  6992 | D:6      | Reached skill level 1 in Necromancy
  7033 | D:6      | Found a runed translucent door.
  7034 | D:6      | Found a shimmering altar of Xom.
  7034 | D:6      | Noticed Violens's ghost (amateur MiFi)
  7034 | D:6      | Noticed a +2 dagger of chaos
  7037 | D:6      | Gained mutation: You cannot be stealthy. [Ru sacrifice]
  7065 | D:6      | Reached skill level 6 in Fighting
  7129 | D:6      | Killed a +2 dagger of chaos
  7129 | D:6      | HP: 13/55 [poisoned by a +2 dagger of chaos]
  7130 | D:6      | Reached skill level 6 in Polearms
  7130 | D:6      | Reached skill level 4 in Necromancy
  7130 | D:6      | Reached XP level 9. HP: 14/63 MP: 5/9
  7133 | D:6      | Killed Violens's ghost
  7134 | D:6      | HP: 8/63 [poisoned by a +2 dagger of chaos]
  7532 | D:6      | Gained mutation: Your natural rate of healing is unusually
                  | fast. [potion of mutation]
  7532 | D:6      | Gained mutation: Your spells are a little easier to cast,
                  | but a little less powerful. [potion of mutation]
  7532 | D:6      | Gained mutation: You are partially covered in large bone
                  | plates. (SH +4) [potion of mutation]
  7577 | D:7      | Noticed Maggie
  7595 | D:7      | Killed Maggie
  7596 | D:7      | Reached skill level 7 in Fighting
  7596 | D:7      | Reached skill level 5 in Necromancy
  7599 | D:7      | HP: 15/64 [wyvern skeleton (10)]
  7601 | D:7      | Reached skill level 7 in Polearms
  7643 | D:7      | You pick up a book of Vapours and begin reading...
  7643 | D:7      | You add the spells Poisonous Vapours, Corpse Rot and
                  | Freezing Cloud to your library.
  7966 | D:7      | Found a glowing silver altar of Zin.
  8091 | D:7      | Found a burning altar of Makhleb.
  8108 | D:7      | Found a hazy altar of Hepliaklqana.
  8182 | D:8      | HP: 11/64 [orc priest/divine providence (14)]
  8187 | D:8      | HP: 15/64 [orc priest/nerve-wracking pain (2)]
  8299 | D:8      | Found a glowing golden altar of the Shining One.
  8421 | D:8      | magus.rc [v1.11.3]
  8489 | D:8      | Reached skill level 6 in Necromancy
  8725 | D:8      | Reached skill level 7 in Necromancy
  8963 | D:8      | Reached XP level 10. HP: 72/72 MP: 10/10
  9031 | D:8      | Found an ornate altar of the Wu Jian Council.
  9113 | D:8      | Reached skill level 8 in Fighting
  9123 | D:8      | Reached skill level 8 in Polearms
  9194 | D:9      | Found a shadowy altar of Dithmenos.
  9250 | D:9      | Reached skill level 8 in Necromancy
  9548 | D:9      | Noticed a two-headed ogre
  9554 | D:9      | Killed a two-headed ogre
  9714 | D:9      | You pick up a book of Fire and begin reading...
  9714 | D:9      | You add the spells Fireball, Starburst and Ignition to your
                  | library.
  9888 | D:9      | Found a snail-covered altar of Cheibriados.
 10073 | D:10     | Entered Level 10 of the Dungeon
 10102 | D:10     | Reached skill level 9 in Polearms
 10103 | D:10     | Gained mutation: You are somewhat inexperienced. (-2 XL)
                  | [Ru sacrifice]
 10103 | D:10     | Reached XP level 9. HP: 64/67 MP: 9/9
 10103 | D:10     | Reached XP level 8. HP: 62/62 MP: 8/8
 10103 | D:10     | Reached * piety under Ru
 10103 | D:10     | Reached ** piety under Ru
 10245 | D:10     | You pick up a book of Storms and begin reading...
 10245 | D:10     | You add the spells Airstrike, Summon Lightning Spire and
                  | Lightning Bolt to your library.
 10291 | D:10     | Reached skill level 5 in Dodging
 10433 | D:10     | HP: 11/63 [troll (13)]
 10435 | D:10     | Reached skill level 9 in Fighting
 10435 | D:10     | Reached skill level 6 in Shields
 10435 | D:10     | Reached XP level 9. HP: 13/68 MP: 9/9
 10439 | D:10     | Found a staircase to the Orcish Mines.
 10439 | D:10     | Noticed Urug
 10453 | D:10     | HP: 17/68 [poisoned by a killer bee]
 10458 | D:10     | HP: 17/68 [poisoned by a killer bee]
 10459 | D:10     | HP: 8/68 [killer bee (9)]
 10465 | D:10     | Killed from afar by an acid dragon

Vanquished Creatures
  A two-headed ogre (D:9)
  A dancing weapon (D:6)
  Maggie (D:7)
  A troll (D:10)
  A hornet (D:10)
  A meliai zombie (D:10)
  A wyvern (D:9)
  3 yaks (D:8)
  Menkaure (D:5)
  2 steam dragons
  5 orc warriors
  2 ice beasts (D:8)
  A black bear (D:8)
  An ogre (D:6)
  4 centaurs
  A kobold brigand (D:8)
  2 bullfrogs (D:8)
  A scorpion (D:5)
  A water moccasin zombie (D:6)
  A wyvern skeleton (D:7)
  6 killer bees (D:9)
  6 centaur zombies
  A bullfrog skeleton (D:7)
  A jelly (D:5)
  9 orc priests
  A gnoll shaman (D:5)
  4 hounds
  3 centaur skeletons
  3 iguanas
  5 orc wizards
  2 killer bee zombies (D:8)
  A howler monkey zombie (D:5)
  5 gnolls
  6 adders
  3 ufetubi
  3 worms
  2 dart slugs
  26 orcs
  5 bats
  8 endoplasms
  6 giant cockroaches
  7 goblins
  7 hobgoblins
  8 jackals (D:1)
  6 quokkas
  9 ball pythons
  9 frilled lizards
  8 kobolds
  11 rats
203 creatures vanquished.

Vanquished Creatures (collateral kills)
  The ghost of Violens the Skirmisher, an amateur MiFi of Qazlal (D:6)
1 creature vanquished.

Grand Total: 204 creatures vanquished

Table legend:
 A = Non-vault XP
 B = Vault XP
 C = Vault XP percentage of total XP
 D = Non-vault monster count
 E = Vault monster count
 F = Vault count percentage of total count
                 A         B        C        D         E       F
            +---------+---------+-------+---------+---------+-------
      Total |    6269 |    3062 |  32.8 |     157 |      47 |  23.0
            +---------+---------+-------+---------+---------+-------
        D:1 |      59 |      11 |  15.7 |      33 |       7 |  17.5
        D:2 |      45 |       0 |   0.0 |      18 |       0 |   0.0
        D:3 |     191 |      12 |   5.9 |      17 |       3 |  15.0
        D:4 |     123 |      13 |   9.6 |      12 |       4 |  25.0
        D:5 |     353 |     172 |  32.8 |      13 |       1 |   7.1
        D:6 |     491 |     977 |  66.6 |       6 |       2 |  25.0
        D:7 |     356 |     418 |  54.0 |      10 |       1 |   9.1
        D:8 |     894 |    1273 |  58.7 |      16 |      13 |  44.8
        D:9 |    2181 |       0 |   0.0 |      23 |       0 |   0.0
       D:10 |    1576 |     133 |   7.8 |       9 |       1 |  10.0
      Sewer |       0 |      53 | 100.0 |       0 |      15 | 100.0
            +---------+---------+-------+---------+---------+-------

Illustrated notes

Table legend:
 A = Kills in this place as a percentage of kills in entire the game.
 B = Kills by you in this place as a percentage of kills by you in the entire game.
 C = Kills by friends in this place as a percentage of kills by friends in the entire game.
 D = Other kills in this place as a percentage of other kills in the entire game.
 E = Experience gained in this place as a percentage of experience gained in the entire game.
 F = Experience gained in this place divided by the number of levels of this place that you have seen.
                   A       B       C       D       E      F
               +-------+-------+-------+-------+-------+----------------------
         Total | 100.0 | 100.0 | 100.0 |   N/A | 100.0 | 777.6
       Dungeon |  92.6 |  92.6 | 100.0 |   N/A |  99.4 | 927.8
         Sewer |   7.4 |   7.4 |   0.0 |   N/A |   0.6 |  53.0
               +-------+-------+-------+-------+-------+----------------------

Table legend: (Time is in decaauts)
 A = Elapsed time spent in this place.
 B = Non-inter-level travel time spent in this place.
 C = Inter-level travel time spent in this place.
 D = Time resting spent in this place.
 E = Time spent auto-exploring this place.
 F = Levels seen in this place.
 G = Mean time per level.
                   A        B        C        D        E       F      G
               +--------+--------+--------+--------+--------+-----+--------+
         Total |  10542 |  10126 |    416 |   2333 |   5680 |  12 |  878.5 |
       Dungeon |   9849 |   9449 |    400 |   2194 |   5391 |  10 |  984.9 |
        Temple |    160 |    145 |     15 |      0 |     53 |   1 |  160.0 |
         Sewer |    532 |    532 |      0 |    139 |    236 |   1 |  532.0 |
               +--------+--------+--------+--------+--------+-----+--------+

Top non-repeatable levels by time:
     D:1: 1848 daAuts
     D:6: 1348 daAuts
     D:3: 1199 daAuts
     D:8: 993 daAuts
     D:4: 954 daAuts
     D:9: 925 daAuts
     D:2: 894 daAuts
     D:5: 711 daAuts
     D:7: 590 daAuts
   Sewer: 532 daAuts
    D:10: 384 daAuts
  Temple: 160 daAuts
